 Dungeon Crawl Stone Soup version 0.19.0-19-g8c6edcc (webtiles) character file.

37 cedor the Poker (level 3, 0/29 HPs)
             Began as a Demonspawn Monk on Nov 13, 2016.
             Slain by a centaur (4 damage)
             ... on level 3 of the Dungeon.
             The game lasted 00:02:17 (389 turns).

cedor the Poker (Demonspawn Monk)                    Turns: 389, Time: 00:02:17

Health: 0/29       AC:  4    Str: 11    XL:     3   Next: 23%
Magic:  0/3        EV: 13    Int: 12    God:
Gold:   37         SH:  0    Dex: 15    Spells: 0 memorised, 2 levels left

rFire  . . .     SeeInvis .     a - +0 spear
rCold  . . .     Gourm    .     b - +0 robe
rNeg   . . .     Faith    .     (no shield)
rPois  .         Spirit   +     (no helmet)
rElec  .         Reflect  .     (no cloak)
rCorr  .         Harm     .     (no gloves)
MR     .....                    (no boots)
Stlth  +.........               (no amulet)
                                g - ring of loudness (curse)
                                (no ring)

@: no status effects
A: slimy green scales 1, magic shield
a: no special abilities


You were on level 3 of the Dungeon.
You were not hungry.

You visited 1 branch of the dungeon, and saw 3 of its levels.

You collected 37 gold pieces.


Innate Abilities, Weirdness & Mutations

You are partially covered in slimy green scales. (AC +2)
When hurt, damage is shared between your health and your magic reserves.


   Skills:
 - Level 3.0 Fighting
 + Level 3.9 Polearms
 - Level 2.6 Dodging
 - Level 1.7 Stealth


You had 2 spell levels left.
You didn't know any spells.

Inventory:

Hand Weapons
 a - a +0 spear (weapon)
Armour
 b - a +0 robe (worn)
Jewellery
 g - a cursed ring of loudness (right hand)
Wands
 j - a wand of flame (6/48)
Scrolls
 e - a scroll of identify {@r1}
Potions
 h - a potion of ambrosia {unknown}
 i - a potion of cancellation {unknown}
Comestibles
 c - a bread ration
 d - 3 meat rations

Dungeon Overview and Level Annotations

Branches:
Dungeon (3/15)

Altars:

,,,,,,,,░
▒▒▒'▒....▒,░,░
,,,,░░░,░ ▒.▒....▒,░,░
,,,,░ ░,░░ ▒.▒....▒,░,░
░░░░░ ░,,░
▒▒▒.▒....▒,░,░ ░░,░░
▒........▒,░,░ ░,,░
▒......▒▒▒,░,░ ░░,░
▒......▒ ░,░,░
░,░░▒▒▒....▒
░,░,░░░░░░░░
░,,,░░▒.6..▒
░,░,░,,,,,,,
░,,,,,▒c▒▒▒▒
░,░,░,░░░░░░ ░,,,,,▒.▒
░,░,░,░
░░░,,,▒.▒▒▒▒▒▒,,,,,░
░,,,▒......▒░░,░░░░░░░░
░,,,▒......▒ ░,,,,,,,,,
░,,,▒......▒░░░░░░░░░░░
░░,░▒........,,,,,,,,░
░,,▒...c..▒▒░░░░░░░,░


You could see a centaur.


Message History

You start resting.
All of the chunks of flesh in your inventory have rotted away.
A centaur comes into view.
You start resting.
The centaur hits you.
* * * LOW HITPOINT WARNING * * *
The centaur hits you.
* * * LOW HITPOINT WARNING * * *
Evoke which item? (* to show all) (? for menu, Esc to quit)
Zapping:
j - a wand of flame {zapped: 1} (will waste charges)
Press: ? - help, Shift-Dir - straight line, f - centaur
Aim: a centaur The puff of flame hits the centaur.
The centaur is lightly wounded.
Evoking this partially-identified wand wasted a few charges.
The centaur hits you but does no damage.
You barely miss the centaur.
The centaur is lightly wounded.
The centaur misses you. The centaur barely misses you.
Evoke which item? (* to show all) (? for menu, Esc to quit)
Zapping:
j - a wand of flame {zapped: 4} (will waste charges)
Press: ? - help, Shift-Dir - straight line, f/p - centaur
Aim: a centaur (lightly wounded)
The puff of flame hits the centaur.
The centaur is moderately wounded.
Evoking this partially-identified wand wasted a few charges.
The centaur hits you.
* * * LOW HITPOINT WARNING * * *
The centaur closely misses you. The centaur hits you.
You die...

Action                   || total
-------------------------++-------
Melee: Spear             ||    24
Evoke: Wand              ||     2
  Use: Scroll            ||     2
 Stab: Sleeping          ||     1
Armor: Robe              ||     4
Dodge: Dodged            ||    16

Vault maps used:
D:1:      mrwooster_arrival_statue_2, minmay_misc_feat_four_crosses
D:2:      minmay_tripent
D:3:      gammafunk_temple_overflow_elements, uniq_jessica

Notes
Turn   | Place    | Note
-------+----------+-------------------------------------------
     0 | D:1      | cedor the Demonspawn Monk began the quest for the Orb.
     0 | D:1      | Reached XP level 1. HP: 18/18 MP: 1/1
   125 | D:2      | Reached skill level 3 in Polearms
   147 | D:1      | Gained mutation: You are partially covered in slimy green scales. (AC +2) [demonic ancestry]
   147 | D:1      | Reached XP level 2. HP: 24/24 MP: 2/2
   340 | D:3      | Noticed Jessica
   357 | D:3      | Killed Jessica
   357 | D:3      | Gained mutation: When hurt, damage is shared between your health and your magic reserves. [demonic ancestry]
   357 | D:3      | Reached XP level 3. HP: 10/29 MP: 3/3
   373 | D:3      | Noticed a centaur
   389 | D:3      | Slain by a centaur

Vanquished Creatures
  Jessica (D:3)
  A leopard gecko (D:3)
  A giant cockroach (D:1)
  2 goblins
  3 jackals
  A kobold (D:1)
9 creatures vanquished.
